General information
- name: BNet
- type: Ladder team game (AT/RT)
- host: Battle.net
- saver: SMERB.COM.COM
map: Wetlands
- players: 4
- length: 43:30
- speed: Fast
- version: 1.23 W3XP
- replay type: Public
» download(215 KB)
Players
team 1 (loser)

»
VIKT0R (
teal | 73 APM | 3170 actions | 43:22)
5 Death Knight
2 Death Coil
3 Death Pact
4 Crypt Lord
2 Impale
2 Spiked Carapace
3 Dreadlord
1 Sleep
2 Carrion Swarm
» actions
| Assign group hotkey | 36 | |
| Basic commands | 247 | |
| Build / train | 74 | |
| ESC pressed | 4 | |
| Enter build submenu | 19 | |
| Enter hero's abilities submenu | 12 | |
| Give item / drop item | 3 | |
| Remove unit from queue | 2 | |
| Right click | 1189 | |
| Select / deselect | 542 | |
| Select group hotkey | 842 | |
| Use ability | 200 | |
3170 total
» units
| Acolyte | 2 | |
| Ghoul | 5 | |
| Crypt Fiend | 9 | |
| Obsidian Statue | 5 | |
| Banshee | 12 | |
| Necromancer | 6 | |
39 total
» upgrades
| Banshee Training | 2 | |
| Skeletal Mastery | 1 | |
| Skeletal Longevity | 1 | |
| Necromancer Training | 2 | |
| Destroyer Form | 1 | |
7 total
» buildings
| Altar of Darkness | 1 | |
| Ziggurat | 6 | |
| Crypt | 1 | |
| Graveyard | 1 | |
| Halls of the Dead | 1 | |
| Tomb of Relics | 1 | |
| Temple of the Damned | 3 | |
| Slaughterhouse | 1 | |
| Black Citadel | 1 | |
| Nerubian Tower | 1 | |
17 total
» build order
00:05 Altar of Darkness
00:08 Ziggurat
00:31 Crypt
00:56 Graveyard
01:13 Ziggurat
03:19 Halls of the Dead
03:26 Tomb of Relics
04:23 Ziggurat
05:42 Temple of the Damned
05:46 Slaughterhouse
05:48 Ziggurat
06:39 Black Citadel
06:44 Temple of the Damned
08:58 Ziggurat
10:28 Ziggurat
17:24 Temple of the Damned
17:26 Nerubian Tower
» items
| Rod of Necromancy | 1 | |
| Sacrificial Skull | 1 | |
| Potion of Mana | 1 | |
| Scroll of Healing | 3 | |
| Staff of Teleportation | 1 | |
7 total
WiiFreak (
green | 86 APM | 3738 actions | 43:18)
6 Priestess of the Moon
1 Scout
3 Trueshot Aura
1 Searing Arrows
1 Starfall
5 Firelord
3 Soul Burn
2 Incinerate
» actions
| Assign group hotkey | 87 | |
| Basic commands | 172 | |
| Build / train | 85 | |
| Enter build submenu | 22 | |
| Enter hero's abilities submenu | 11 | |
| Give item / drop item | 1 | |
| Remove unit from queue | 5 | |
| Right click | 1313 | |
| Select / deselect | 834 | |
| Select group hotkey | 1066 | |
| Use ability | 142 | |
3738 total
» units
| Wisp | 22 | |
| Huntress | 7 | |
| Druid of the Talon | 11 | |
| Dryad | 8 | |
| Druid of the Claw | 7 | |
| Hippogryph | 1 | |
56 total
» upgrades
| Reinforced Hides | 2 | |
| Druid of the Claw Training | 2 | |
| Druid of the Talon Training | 2 | |
| Mark of the Claw | 1 | |
| Strength of the Wild | 1 | |
| Abolish Magic | 1 | |
9 total
» buildings
| Altar of Elders | 1 | |
| Moon Well | 7 | |
| Hunter's Hall | 1 | |
| Ancient of War | 2 | |
| Tree of Ages | 1 | |
| Tree of Life | 5 | |
| Ancient of Lore | 2 | |
| Ancient of Wind | 1 | |
| Ancient Protector | 2 | |
| Tree of Eternity | 1 | |
23 total
» build order
00:08 Altar of Elders
00:18 Moon Well
01:22 Hunter's Hall
01:39 Moon Well
02:02 Ancient of War
02:22 Ancient of War
02:31 Moon Well
05:24 Tree of Ages
05:42 Moon Well
06:33 Tree of Life
07:46 Ancient of Lore
07:50 Ancient of Lore
07:57 Ancient of Wind
08:10 Moon Well
08:13 Moon Well
08:58 Tree of Life
09:09 Ancient Protector
09:11 Ancient Protector
11:51 Tree of Eternity
19:40 Moon Well
21:05 Tree of Life
25:17 Tree of Life
27:11 Tree of Life
team 2 (winner)

»
KOREAISBEST (
yellow | 50 APM | 2151 actions | 43:23)
7 Archmage
3 Summon Water Elemental
3 Brilliance Aura
1 Mass Teleport
1 Mountain King
1 Storm Bolt
» actions
| Assign group hotkey | 74 | |
| Basic commands | 61 | |
| Build / train | 77 | |
| Enter build submenu | 21 | |
| Enter hero's abilities submenu | 8 | |
| Give item / drop item | 3 | |
| Right click | 1041 | |
| Select / deselect | 517 | |
| Select group hotkey | 221 | |
| Use ability | 128 | |
2151 total
» units
| Peasant | 12 | |
| Footman | 11 | |
| Spell Breaker | 7 | |
| Knight | 18 | |
48 total
» upgrades
| Defend | 1 | |
| Plating | 3 | |
| Animal War Training | 1 | |
5 total
» buildings
| Altar of Kings | 1 | |
| Farm | 11 | |
| Barracks | 2 | |
| Scout Tower | 1 | |
| Arcane Tower | 2 | |
| Lumber Mill | 1 | |
| Keep | 2 | |
| Arcane Vault | 1 | |
| Blacksmith | 1 | |
| Arcane Sanctum | 1 | |
| Castle | 1 | |
| Town Hall | 1 | |
25 total
» build order
00:05 Altar of Kings
00:18 Farm
00:23 Barracks
00:25 Farm
01:40 Scout Tower
01:50 Farm
02:08 Arcane Tower
02:08 Arcane Tower
02:42 Lumber Mill
03:19 Keep
03:41 Keep
04:45 Arcane Vault
04:47 Blacksmith
06:01 Farm
06:02 Farm
06:03 Farm
06:07 Arcane Sanctum
06:44 Castle
07:20 Barracks
08:10 Farm
10:17 Farm
10:17 Farm
10:19 Farm
10:43 Farm
20:10 Town Hall
» items
| Scroll of Regeneration | 1 | |
| Orb of Corruption | 1 | |
| Potion of Healing | 1 | |
| Scroll of Town Portal | 1 | |
| Staff of Sanctuary | 1 | |
5 total
SMERB.COM.COM (
red | 90 APM | 3903 actions | 43:30)
7 Death Knight
3 Death Coil
3 Unholy Aura
1 Death Pact
6 Lich
3 Frost Nova
2 Frost Armor
1 Death and Decay
» actions
| Assign group hotkey | 40 | |
| Basic commands | 125 | |
| Build / train | 115 | |
| Enter build submenu | 27 | |
| Enter hero's abilities submenu | 14 | |
| Give item / drop item | 6 | |
| Remove unit from queue | 2 | |
| Right click | 1910 | |
| Select / deselect | 612 | |
| Select group hotkey | 700 | |
| Use ability | 352 | |
3903 total
» units
| Acolyte | 6 | |
| Ghoul | 3 | |
| Crypt Fiend | 10 | |
| Obsidian Statue | 9 | |
| Frost Wyrm | 8 | |
36 total
» upgrades
| Burrow | 1 | |
| Web | 1 | |
| Destroyer Form | 1 | |
| Creature Attack | 2 | |
| Creature Carapace | 1 | |
6 total
» buildings
| Graveyard | 1 | |
| Crypt | 1 | |
| Altar of Darkness | 1 | |
| Ziggurat | 8 | |
| Tomb of Relics | 1 | |
| Halls of the Dead | 4 | |
| Black Citadel | 4 | |
| Slaughterhouse | 1 | |
| Sacrificial Pit | 2 | |
| Boneyard | 1 | |
| Spirit Tower | 7 | |
31 total
» build order
00:06 Graveyard
00:17 Crypt
00:40 Altar of Darkness
00:59 Ziggurat
01:14 Tomb of Relics
01:43 Ziggurat
04:29 Halls of the Dead
04:29 Halls of the Dead
04:29 Halls of the Dead
04:51 Ziggurat
04:55 Ziggurat
06:54 Black Citadel
06:54 Black Citadel
07:36 Slaughterhouse
08:00 Ziggurat
08:03 Ziggurat
10:18 Sacrificial Pit
11:52 Boneyard
14:30 Spirit Tower
14:34 Spirit Tower
14:34 Spirit Tower
14:34 Spirit Tower
29:04 Sacrificial Pit
40:39 Ziggurat
43:01 Ziggurat
» items
| Rod of Necromancy | 5 | |
| Scroll of Town Portal | 3 | |
| Potion of Healing | 3 | |
| Orb of Corruption | 3 | |
| Potion of Lesser Invulnerability | 3 | |
| Scroll of Protection | 3 | |
| Scroll of Healing | 3 | |
| Mechanical Critter | 2 | |
| Potion of Mana | 1 | |
26 total
Chat log
(00:24 / Allies) SMERB.COM.COM: not a man for towering
(00:26 / Allies) SMERB.COM.COM: map
(01:24 / Allies) KOREAISBEST: :(
(01:26 / Allies) KOREAISBEST: :)
(03:01 / Allies) KOREAISBEST: wow
(03:20 / Allies) KOREAISBEST: WOW
(03:59 / Allies) KOREAISBEST: omfg
(04:53 / All) KOREAISBEST: EVERY FUCKING TIME I GO TO DO OSOMTHING
(05:34 / Allies) KOREAISBEST: FUCK
(06:14 / Allies) KOREAISBEST: OMFG
(06:16 / Allies) KOREAISBEST: i canflae4mkw/tgr\DFXCbZDXcBN
(06:17 / All) KOREAISBEST: BHXCVN
(06:17 / All) KOREAISBEST: CVN
(06:18 / All) KOREAISBEST: dfxcv
(06:18 / Allies) KOREAISBEST: xdfcv\bn
(06:18 / Allies) KOREAISBEST: mncfg
(06:18 / Allies) KOREAISBEST: bxdrf
(06:19 / All) KOREAISBEST: DZXcvbn
(06:19 / Allies) KOREAISBEST: cxvn
(06:20 / Allies) KOREAISBEST: \nxc
(06:20 / Allies) KOREAISBEST: zdf\xcvn
(06:29 / Allies) SMERB.COM.COM: i have no idea what you're going on about but i guess its lag related
(07:46 / Allies) SMERB.COM.COM: push somewhere?
(08:05 / Allies) KOREAISBEST: not right now
(09:01 / Allies) SMERB.COM.COM: hrm
(09:06 / Allies) SMERB.COM.COM: 350 + 215
(09:13 / Allies) SMERB.COM.COM: not worth the expo because it wasnt mining yet
(10:23 / Allies) SMERB.COM.COM: towered up now
(11:43 / Allies) SMERB.COM.COM: k
(12:33 / Allies) KOREAISBEST: if we're lucky they push you and we get a free win
(13:29 / Allies) SMERB.COM.COM: uhh
(13:46 / Allies) KOREAISBEST: ?
(15:02 / Allies) KOREAISBEST: tp
(15:03 / Allies) KOREAISBEST: now
(18:53 / Allies) KOREAISBEST: go undead
(19:03 / Allies) SMERB.COM.COM: omw
(19:15 / Allies) SMERB.COM.COM: elf has tons
(19:18 / Allies) SMERB.COM.COM: we will lose this battle
(19:18 / Allies) SMERB.COM.COM: i think
(20:38 / Allies) KOREAISBEST: out
(21:32 / Allies) KOREAISBEST: you
(22:12 / Allies) SMERB.COM.COM: i cant afford
(22:14 / Allies) SMERB.COM.COM: to have to tp agian
(22:16 / Allies) SMERB.COM.COM: we must fight
(22:18 / Allies) SMERB.COM.COM: wol will NEVER
(22:19 / Allies) SMERB.COM.COM: owl
(22:22 / Allies) SMERB.COM.COM: let us expo
(25:27 / Allies) SMERB.COM.COM: im good.
(25:31 / Allies) KOREAISBEST: go there
(25:35 / Allies) KOREAISBEST: gold me for am
(25:51 / Allies) KOREAISBEST: ill slow revive
(27:04 / Allies) SMERB.COM.COM: meh
(28:20 / Allies) SMERB.COM.COM: i got critters
(28:23 / Allies) SMERB.COM.COM: at each expo
(28:23 / Allies) SMERB.COM.COM: mass tp
(28:25 / Allies) SMERB.COM.COM: if need be
(28:26 / Allies) SMERB.COM.COM: to stop them
(29:20 / Allies) SMERB.COM.COM: need a shade
(29:24 / Allies) SMERB.COM.COM: dang
(29:50 / Allies) SMERB.COM.COM: fuck
(29:52 / Allies) SMERB.COM.COM: tt
(29:55 / Allies) SMERB.COM.COM: i guess we go fight
(29:58 / Allies) KOREAISBEST: come
(30:10 / Allies) SMERB.COM.COM: sec
(30:11 / Allies) SMERB.COM.COM: gold
(30:19 / Allies) SMERB.COM.COM: scroll
(33:30 / Allies) KOREAISBEST: check ym gold mine
(33:31 / Allies) KOREAISBEST: undead might be cute
(34:57 / Allies) SMERB.COM.COM: fuck
(34:58 / Allies) SMERB.COM.COM: then go
(35:04 / Allies) KOREAISBEST: get an aco start unsumming and expo if u can to solidify win
(35:11 / Allies) SMERB.COM.COM: go?
(35:15 / Allies) KOREAISBEST: k
(35:40 / Allies) SMERB.COM.COM: sfall
(35:43 / Allies) SMERB.COM.COM: back up if sfall
(36:47 / Allies) SMERB.COM.COM: items
(36:48 / Allies) SMERB.COM.COM: then go
(36:56 / Allies) KOREAISBEST: build expo
(37:11 / Allies) SMERB.COM.COM: k
(37:13 / Allies) SMERB.COM.COM: lets go
(37:16 / Allies) SMERB.COM.COM: start rasing waters
(37:17 / Allies) KOREAISBEST: sec
(37:49 / Allies) KOREAISBEST: uds unsummoning and feeding
(38:14 / Allies) SMERB.COM.COM: hrm
(38:14 / Allies) SMERB.COM.COM: wait
(38:30 / Allies) SMERB.COM.COM: sit here
(38:33 / Allies) SMERB.COM.COM: and wait for my expo
(38:33 / Allies) SMERB.COM.COM: lol
(39:40 / Allies) SMERB.COM.COM: he went
(39:42 / Allies) SMERB.COM.COM: to sell soem teims
(39:47 / Allies) SMERB.COM.COM: fuck
(39:47 / Allies) KOREAISBEST: i saw
(39:49 / Allies) SMERB.COM.COM: tf2 team
(39:51 / Allies) SMERB.COM.COM: needs me lmao
(39:53 / Allies) SMERB.COM.COM: but i can buy
(39:54 / Allies) SMERB.COM.COM: like an hour
(40:01 / Allies) KOREAISBEST: you can go after this its cool
(40:03 / Allies) SMERB.COM.COM: no
(40:09 / Allies) SMERB.COM.COM: unless you've got to leave i wont
(40:17 / Allies) KOREAISBEST: i dont
(40:33 / Allies) SMERB.COM.COM: yeah?
(40:37 / Allies) KOREAISBEST: nvm
(40:39 / Allies) KOREAISBEST: saw food
(40:43 / Allies) KOREAISBEST: give me 100
(40:52 / Allies) KOREAISBEST: 24
(41:07 / Allies) KOREAISBEST: ty
(41:12 / Allies) KOREAISBEST: gunna long mine with 1 peasant
(41:16 / Allies) SMERB.COM.COM: ;]
(41:32 / Allies) KOREAISBEST: not taking any risks
(41:35 / Allies) SMERB.COM.COM: they see it
(41:40 / Allies) SMERB.COM.COM: they know they gotta move soon
(41:42 / Allies) SMERB.COM.COM: keep raising wes
(41:46 / Allies) SMERB.COM.COM: here they come
(42:54 / All) SMERB.COM.COM: Have fun
(42:56 / All) SMERB.COM.COM: sfing nothing